 Dungeon Crawl Stone Soup version 0.30.0-19-g36f170ea60 (webtiles) character file.

Game seed: 12831724875535989296

23 Peloso the Covered (level 2, 24/24 HPs)
             Began as a Minotaur Fighter on June 1, 2023.
             Got out of the dungeon alive.
             The game lasted 00:01:13 (616 turns).

Peloso the Covered (Minotaur Fighter)                Turns: 616, Time: 00:01:13

Health: 24/24      AC:  7    Str: 20    XL:     2   Next: 75%
Magic:  1/1        EV:  9    Int:  5    God:
Gold:   30         SH:  4    Dex:  9    Spells: 1/1 levels left

rFire   + . .        a - +1 long sword
rCold   . . .        c - +0 buckler
rNeg    . . .        b - +0 scale mail
rPois   .            (helmet restricted)
rElec   .            (no cloak)
rCorr   .            (no gloves)
SInv    .            (no boots)
Will    .....        (no amulet) Stlth
                     h - ring of protection from fire
HPRegen 0.24/turn    (no ring)
MPRegen 0.07/turn

%: no passive effects
@: no status effects
A: horns 2, retaliatory headbutt, fangs 1, frail 1, high MP 1
a: no special abilities


You escaped.
You visited 1 branch of the dungeon, and saw 1 of its levels.

You collected 30 gold pieces.

Inventory:

Hand Weapons
 a - a +1 long sword (weapon)
Armour
 b - a +0 scale mail (worn)
 c - a +0 buckler (worn)
Jewellery
 h - a ring of protection from fire (left hand)
 j - a ring of willpower
Scrolls
 i - a scroll of fog
Potions
 d - a potion of might


   Skills:
 + Level 4.0 Fighting
 + Level 2.8 Long Blades
 + Level 4.1 Armour
 + Level 3.9 Shields


You had one spell level left.
You didn't know any spells.
Your spell library contained the following spells:

 Spells                   Type           Power      Damage    Failure   Level
 Gell's Gravitas          Tloc           0%         N/A       99%         3
 Teleport Other           Tloc           0%         N/A       99%         3
 Dispersal                Tloc           0%         N/A       100%        6


Dungeon Overview and Level Annotations

Branches:
Dungeon (1/15)

Altars:


Innate Abilities, Weirdness & Mutations

You have a pair of horns on your head.
You reflexively headbutt those who attack you in melee.
You have very sharp teeth.
You are frail. (-10% HP)
You have an increased reservoir of magic. (+10% MP)


Message History

A goblin is nearby!
The goblin hits you but does no damage.
You hit the goblin. You headbutt the goblin.
You kill the goblin!
Things that are here:
a +0 dagger; a goblin corpse
Things that are here:
a +0 dagger; a goblin corpse A kobold comes into view.
It is wielding a +0 whip.
The kobold shouts!
A kobold is nearby!
You closely miss the kobold. The kobold hits you with a +0 whip.
You block the kobold's attack.
You slash the kobold!
You kill the kobold!
You see here a +0 whip.
Done exploring.
Done exploring.
Done exploring.
Done exploring.
As you read the scroll labelled LUACUEBLAL, it crumbles to dust.
It is a scroll of enchant weapon.
Your +0 long sword glows red for a moment.
As you read the scroll labelled ATOTOOBLECW, it crumbles to dust.
You feel strangely unstable.
It was a scroll of teleportation.
As you read the scroll labelled JABABRA ISAARR, it crumbles to dust.
It is a scroll of identify.
i - a scroll of fog It was a potion of mutation.
You feel extremely strange.
You feel frail.
You feel more energetic.
Your teeth lengthen and sharpen.
Your surroundings suddenly seem different.
(D) Dungeon
Where to? (? - help)
What level of the Dungeon? (default 1, ? - help)
There is an open door here.
You enter the shallow water.
Moving in this stuff is going to be slow.
There is a staircase leading out of the dungeon here.
Are you sure you want to leave the Dungeon?
This will make you lose the game!
You have escaped!

#. ## #. .# #. .# #. .#### #####.
.~~~# ##############..... ≈~..#
#................## ≈~.~#
##'############...## ≈~~.####
♣♣♣♣..@.≈~≈≈≈≈~~~#.....
≈~.....##♣♣P.....~≈PP~≈~~..'.....
~~.~##..#♣...<.~~~PPP~~....#...#.
~≈~.###.#.....≈~PPP~~~....♣#...#.
≈~~.# #.'....≈≈~~~~~.....♣♣#...#.
~~.~###.#≈≈~≈~≈..<.....♣♣♣ #)..#.
≈~.~....#########'##########...#.
≈~......# #......#..........##.
~~.~....# #.####.##.##########.


There were no monsters in sight!

Vanquished Creatures
  A dart slug (D:1)
  A ball python (D:1)
  2 endoplasms (D:1)
  A giant cockroach (D:1)
  4 goblins (D:1)
  2 jackals (D:1)
  2 kobolds (D:1)
  4 bats (D:1)
  A rat (D:1)
18 creatures vanquished.

Notes
Turn   | Place    | Note
-------+----------+-------------------------------------------
     0 | D:1      | Peloso the Minotaur Fighter began the quest for the Orb.
     0 | D:1      | Reached XP level 1. HP: 19/19 MP: 0/0
    21 | D:1      | Found a faded altar of an unknown god.
   153 | D:1      | Reached XP level 2. HP: 27/27 MP: 1/1
   579 | D:1      | Gained mutation: You are frail. (-10% HP) [potion of
                  | mutation]
   579 | D:1      | Gained mutation: You have an increased reservoir of magic.
                  | (+10% MP) [potion of mutation]
   579 | D:1      | Gained mutation: You have very sharp teeth. [potion of
                  | mutation]
   616 | D:$      | Got out of the dungeon alive.

Illustrated notes

Levels and vault maps discovered:
D:1:      tarquinn_simple_flora_water_c, layout_basic,
          chequers_ecumenical_altar_island

Skill      XL: |  1  2 |
---------------+-------+-----
Armour         | 4 |  4.1
Fighting       | 4 |  4.0
Long Blades    | |  2.8
Shields        | |  3.9

Action                     || total
---------------------------++-------
  Melee: Long sword        ||    39
         Headbutt          ||     6
    Use: Scroll            ||     3
         Potion            ||     1
 Armour: Scale mail        ||    18
  Dodge: Dodged            ||    20
  Block: Buckler           ||    14
